 Dungeon Crawl Stone Soup version 0.28.0-53-g5a82cb258f (webtiles) character file.

Game seed: 1671166508914369786

2244 concernfroge the Thaumaturge (level 9, 0/45 HPs)
             Began as a Deep Elf Conjurer on June 18, 2022.
             Was a Follower of Vehumet.
             Slain by a hornet (11 damage)
             ... on level 7 of the Dungeon.
             The game lasted 00:29:24 (8091 turns).

concernfroge the Thaumaturge (Deep Elf Conjurer)    Turns: 8091, Time: 00:29:25

Health: 0/45       AC:  6    Str:  4    XL:     9   Next: 14%
Magic:  13/24      EV: 12    Int: 28    God:    Vehumet [*.....]
Gold:   259        SH:  0    Dex: 13    Spells: 7/26 levels left

rFire   + . .      SeeInvis .   (no weapon)
rCold   . . .      Faith    .   (no shield)
rNeg    . . .      Spirit   .   e - +1 robe {rF+}
rPois   +          Reflect  .   (no helmet)
rElec   .          Harm     .   (no cloak)
rCorr   .          Rampage  .   o - +2 pair of gloves
Will    .....                   (no boots)
Stlth   ++........              (no amulet)
HPRegen 0.15/turn               h - ring of poison resistance
MPRegen 0.19/turn               (no ring)

@: no status effects
A: no striking features
a: Renounce Religion


You were on level 7 of the Dungeon.
You worshipped Vehumet.
Vehumet was aware of your devotion.
You visited 2 branches of the dungeon, and saw 8 of its levels.

You collected 419 gold pieces.
You spent 160 gold pieces at shops.

Inventory:

Missiles
 f - 2 throwing nets
Armour
 e - a +1 robe of fire resistance (worn)
 o - a +2 pair of gloves (worn)
Jewellery
 h - a ring of poison resistance (left hand)
 q - a +6 ring of strength
 r - a ring of protection from fire
Wands
 c - a wand of polymorph (9)
 g - a wand of iceblast (1)
 n - a wand of flame (4) (quivered)
Scrolls
 b - a scroll of identify {unknown}
 j - 2 scrolls of holy word
 l - a scroll of immolation {unknown}
 p - a scroll of magic mapping
 t - a scroll of enchant weapon
Potions
 a - 2 potions of mutation {unknown}
 d - 2 potions of curing
 i - a potion of heal wounds
 k - a potion of magic {unknown}
 m - a potion of lignification {unknown}
Miscellaneous
 s - a condenser vane


   Skills:
 - Level 2.4 Dodging
 - Level 2.4 Stealth
 + Level 9.1 Spellcasting
 + Level 8.5 Conjurations
 + Level 7.4 Hexes
 + Level 5.5 Evocations


You had 7 spell levels left.
You knew the following spells:

 Your Spells              Type           Power      Damage    Failure   Level
a - Magic Dart            Conj           100%       1d8       1%          1
b - Searing Ray           Conj           100%       2d8       1%          2
c - Dazzling Flash        Conj/Hex       100%       N/A       1%          3
d - Fulminant Prism       Conj/Hex       27%        3d14      1%          4
e - Iskenderun's Mystic   Conj/Tloc      36%        2d9       8%          4
f - Iskenderun's Battles  Conj           57%        2d11      3%          5

Your spell library contained the following spells:

 Spells                   Type           Power      Damage    Failure   Level
 Foxfire                  Conj/Fire      100%       2x1d9     1%          1
 Shock                    Conj/Air       100%       1d9       1%          1
 Portal Projectile        Hex/Tloc       66%        N/A       2%          3
 Stone Arrow              Conj/Erth      72%        3d11      2%          3
 Sandblast                Erth           24%        2d8       4%          1
 Corpse Rot               Necr/Air       24%        N/A       7%          2
 Passwall                 Tmut/Erth      10%        N/A       7%          2
 Leda's Liquefaction      Hex/Erth       16%        N/A       10%         4
 Call Canine Familiar     Summ           12%        N/A       13%         3
 Lightning Bolt           Conj/Air       18%        1d32      22%         5
 Dispel Undead            Necr           12%        3d9       41%         4
 Death Channel            Necr           6%         N/A       100%        6
 Chain Lightning          Conj/Air       18%        3d24      100%        9


Dungeon Overview and Level Annotations

Branches:
Dungeon (7/15)             Temple (1/1) D:5

Altars:
Ashenzari
Cheibriados
Dithmenos
Elyvilon
Fedhas
Gozag
Hepliaklqana
Kikubaaqudgha
Makhleb
Okawaru
Qazlal
Ru
Sif Muna
Trog
Uskayaw
Vehumet
Wu Jian
Xom
Yredelemnul
Zin
The Shining One

Shops:
D:6 :   D:7 *


Message History

The hornet stings you.
The searing ray hits the hornet!
The hornet is heavily wounded.
The hornet misses you. The hornet closely misses you.
The searing ray hits the hornet but does no damage.
The hornet is heavily wounded.
The hornet completely misses you.
The searing ray hits the hornet!
The hornet is severely wounded.
You finish channelling your searing ray.
The hornet stings you! The hornet misses you.
Casting: Searing Ray (safe; 1% risk of failure)
Confirm with . or Enter, or press ? or * to list all spells.
Aiming: Searing Ray (safe; 1% risk of failure)
Press: ? - help, Shift-Dir - straight line, f/p - hornet
Aim: a hornet (severely wounded, 74% to hit)
The searing ray misses the hornet. (Press . to maintain the ray.)
The hornet stings you!
You feel yourself slow down.
The searing ray hits the hornet!
The hornet is almost dead.
The hornet stings you.
You feel as though you will be slow longer.
The hornet misses you. x2
The searing ray hits the hornet but does no damage.
The hornet is almost dead.
The hornet stings you but does no damage.
The hornet closely misses you.
The searing ray misses the hornet.
You finish channelling your searing ray.
You feel yourself speed up. The hornet stings you!
* * * LOW HITPOINT WARNING * * *
You feel yourself slow down. The hornet stings you.
* * * LOW HITPOINT WARNING * * *
You are lethally poisoned!
You feel better.
You feel yourself speed up. The hornet stings you!
You die...

#.#### #..... #.####
#.#... #.#<.. #######
#.#... #.....# #.....
###.....#############.##
......y@..........>.....
.##................##.#.
#......#########.##.#.
+....... ..#.##.#.
#.......# #.#.##.#.
####+#..######.#......
#.#..#........##...
#.#..#...##.####...
#.#..#...##........


You could see a hornet.

Vanquished Creatures
  A shadow (D:7)
  Edmund (D:5)
  2 black bears
  A hornet zombie (D:4)
  2 necrophages
  2 ogres
  A centaur (D:7)
  2 phantoms (D:7)
  3 kobold brigands
  2 bullfrogs
  6 killer bees (D:7)
  A jelly (D:4)
  2 bullfrog zombies
  A bullfrog skeleton (D:7)
  Jessica (D:2)
  An orc wizard (D:4)
  4 iguanas
  A hound skeleton (D:5)
  4 gnolls (D:5)
  A howler monkey skeleton (D:7)
  8 adders
  A white imp (D:6)
  2 adder skeletons
  A worm (D:2)
  2 dart slugs
  16 orcs
  7 endoplasms
  4 giant cockroaches
  A goblin (D:1)
  8 hobgoblins
  8 jackals (D:4)
  4 quokkas
  6 ball pythons
  3 bats
  2 frilled lizards
  23 kobolds
  5 rats
140 creatures vanquished.

Vanquished Creatures (others)
  6 fulminant prisms
  A plant (D:5)
7 creatures vanquished.

Grand Total: 147 creatures vanquished

Notes
Turn   | Place    | Note
-------+----------+-------------------------------------------
     0 | D:1      | concernfroge the Deep Elf Conjurer began the quest for the
                  | Orb.
     0 | D:1      | Reached XP level 1. HP: 10/10 MP: 6/6
   226 | D:1      | Reached XP level 2. HP: 15/15 MP: 3/8
   382 | D:1      | Learned a level 2 spell: Searing Ray
  1006 | D:2      | Reached skill level 4 in Spellcasting
  1061 | D:2      | Reached skill level 5 in Conjurations
  1061 | D:2      | Reached XP level 3. HP: 19/19 MP: 5/10
  1443 | D:2      | Reached XP level 4. HP: 24/24 MP: 1/12
  1536 | D:2      | Noticed Jessica
  1543 | D:2      | Killed Jessica
  1544 | D:2      | Reached skill level 5 in Spellcasting
  1792 | D:2      | Learned a level 3 spell: Dazzling Flash
  1797 | D:2      | Learned a level 4 spell: Fulminant Prism
  2444 | D:3      | Got Asmodeus's Compendium of Conjuration
  2558 | D:3      | Reached skill level 1 in Hexes
  3103 | D:4      | Reached XP level 5. HP: 28/28 MP: 11/14
  3188 | D:4      | Noticed a black bear
  3193 | D:4      | Killed a black bear
  3321 | D:4      | Reached skill level 6 in Spellcasting
  3321 | D:4      | Reached XP level 6. HP: 32/32 MP: 9/17
  3625 | D:4      | Found a glowing silver altar of Zin.
  3625 | D:4      | Found a radiant altar of Vehumet.
  3633 | D:4      | Became a worshipper of Vehumet
  3649 | D:4      | Reached skill level 1 in Evocations
  3887 | D:4      | Found an ancient bone altar of Kikubaaqudgha.
  4215 | D:5      | Entered Level 5 of the Dungeon
  4216 | D:5      | Found a staircase to the Ecumenical Temple.
  4225 | Temple   | Entered the Ecumenical Temple
  4319 | D:5      | Reached XP level 7. HP: 15/36 MP: 6/18
  4803 | D:5      | Noticed Edmund
  4918 | D:5      | Reached skill level 7 in Spellcasting
  5234 | D:5      | Found a shimmering altar of Xom.
  5235 | D:5      | Found a shimmering altar of Xom.
  5236 | D:5      | Found a shimmering altar of Xom.
  5236 | D:5      | Found a shimmering altar of Xom.
  5361 | D:5      | Killed Edmund
  5362 | D:5      | Reached skill level 5 in Hexes
  5896 | D:6      | Found Luitwy's Book Shoppe.
  5908 | D:6      | Reached XP level 8. HP: 41/41 MP: 9/21
  6437 | D:6      | Learned a level 4 spell: Iskenderun's Mystic Blast
  6443 | D:6      | Learned a level 5 spell: Iskenderun's Battlesphere
  6652 | D:7      | Reached skill level 8 in Spellcasting
  7011 | D:7      | Reached * piety under Vehumet
  7011 | D:7      | Offered knowledge of Foxfire by Vehumet.
  7105 | D:7      | Reached skill level 5 in Evocations
  7525 | D:7      | Reached XP level 9. HP: 41/45 MP: 15/23
  7526 | D:7      | Reached skill level 9 in Spellcasting
  7733 | D:7      | Found Myacagilei's CLEARANCE SALE!.
  7741 | D:7      | Bought a condenser vane for 160 gold pieces
  7978 | D:7      | Found a burning altar of Makhleb.
  8090 | D:7      | HP: 1/45 [hornet (2)]
  8091 | D:7      | Slain by a hornet

Illustrated notes

Levels and vault maps discovered:
D:1:      wander_arrival_desolate, layout_loops_ring, minmay_misc_feat_columns
D:2:      layout_basic, uniq_jessica
D:3:      layout_rooms, kennysheep_path_1, minmay_tree_intersection,
          serial_park_tiny_1
D:4:      layout_basic, kennysheep_mini_moat, jmf_multi_god_temple
D:5:      layout_cave_pools, xom_redecorated, minmay_temple_entry_wispy,
          chequers_big_river, uniq_edmund
D:6:      layout_cave_pods, serial_shops, nicolae_square_shop
D:7:      layout_basic, makhleb_altar_promises_db, nicolae_shop_clearance
Temple:   compressed_dpeg_circular_temple

Skill      XL: |  1  2  3  4  5  6  7  8  9 |
---------------+----------------------------+-----
Spellcasting   | 4 5 6 7 8 9 |  9.1
Conjurations   | 5 6 7 8 |  8.5
Hexes          | 1 2 3 5 7 |  7.4
Evocations     | 1 3 5 |  5.5
Dodging        | |  2.4
Stealth        | |  2.4

Action                   |  1- 3 |  4- 6 |  7- 9 || total
-------------------------+-------+-------+-------++-------
 Cast: Magic Dart        |    62 |    95 |   130 ||   287
       Searing Ray       |     5 |    15 |    33 ||    53
       Fulminant Prism   |       |     1 |     5 ||     6
Evoke: Wand              |       |       |    22 ||    22
  Use: Scroll            |       |     6 |     2 ||     8
       Potion            |       |     1 |     4 ||     5
Armor: Robe              |     5 |     2 |    16 ||    23
Dodge: Dodged            |     7 |    17 |    43 ||    67
